 Dungeon Crawl Stone Soup version 0.21.1-1-g345015f (webtiles) character file.

116 inc the Magician (level 5, 0/31 HPs)
             Began as an Octopode Conjurer on Apr 26, 2018.
             Was an Initiate of Gozag.
             Slain by a worker ant (4 damage)
             ... on level 4 of the Dungeon.
             The game lasted 00:03:40 (3187 turns).

inc the Magician (Octopode Conjurer)                Turns: 3187, Time: 00:03:41

Health: 0/31       AC:  1    Str:  8    XL:     5   Next: 0%
Magic:  4/11       EV: 13    Int: 18    God:    Gozag
Gold:   386        SH:  0    Dex: 12    Spells: 10/13 levels left

rFire    . . .     SeeInvis .   f - +0 dagger
rCold    + . .     Gourm    .   (no shield)
rNeg     . . .     Faith    .   (helmet restricted)
rPois    .         Spirit   .   (no amulet)
rElec    .         Reflect  .   c - ring of resist corrosion
rCorr    +         Harm     .   g - ring of protection from cold
MR       .....                  (no ring)
Stlth    +++.......             (no ring)
HPRegen  0.10/turn              (no ring)
MPRegen  0.12/turn              (no ring)
                                (no ring)
                                (no ring)

@: lethally poisoned (0 -> -5)
A: almost no armour, stealthy swim, amphibious, 8 rings, constrict 8, camouflage
1, gelatinous body 1
a: Potion Petition, Call Merchant, Bribe Branch, Renounce Religion


You were on level 4 of the Dungeon.
You worshipped Gozag.
Gozag was aware of your devotion.
You were full.

You visited 1 branch of the dungeon, and saw 4 of its levels.

You collected 408 gold pieces.
You paid 22 gold pieces to Gozag.

Inventory:

Hand Weapons
 f - a +0 dagger (weapon)
Jewellery
 c - a ring of resist corrosion (left tentacle)
 g - a ring of protection from cold (right tentacle)
Scrolls
 d - 2 scrolls of enchant weapon {unknown}
 h - a scroll of amnesia {unknown}
 i - 2 scrolls of enchant armour {unknown}
 j - a scroll of fear {unknown}
 o - 2 scrolls of fog {unknown}
 p - a scroll of remove curse {unknown}
 q - a scroll of magic mapping {unknown}
 u - a scroll of random uselessness {unknown}
 v - a scroll of identify
Potions
 e - a potion of agility {unknown}
 k - a potion of heal wounds
 l - a potion of invisibility {unknown}
 m - a potion of degeneration
 n - a potion of magic {unknown}
 r - a potion of haste
 s - 3 potions of resistance {unknown}
 t - a potion of berserk rage {unknown}
Books
 a - a book of Conjurations

   Spells                             Type                      Level
   a - Magic Dart                     Conjuration                  1
   b - Searing Ray                    Conjuration                  2
   c - Dazzling Spray                 Conjuration/Hexes            3
   d - Fulminant Prism                Conjuration/Hexes            4
   e - Force Lance                    Conjuration/Translocation    4
   f - Iskenderun's Mystic Blast      Conjuration                  4
Comestibles
 b - 2 rations


   Skills:
 - Level 2.0 Dodging
 - Level 2.6 Stealth
 + Level 4.6 Spellcasting
 - Level 4.0 Conjurations


You had 10 spell levels left.
You knew the following spells:

 Your Spells              Type           Power        Failure   Level  Hunger
a - Magic Dart            Conj           ###.         2%          1    None
b - Searing Ray           Conj           ###...       4%          2    #......


Dungeon Overview and Level Annotations

Branches:
Dungeon (4/15)
 Temple: D:4-7

Altars:
Gozag
Ru
Trog


Innate Abilities, Weirdness & Mutations

You cannot wear most types of armour.
You are very stealthy in the water. (Stealth+)
You are amphibious.
You can wear up to eight rings at the same time.
You can use your tentacles to constrict eight enemies at once.
Your skin changes colour to match your surroundings (Stealth+).
Your rubbery body absorbs attacks. (AC +1, EV +1)


Message History

Casting: Magic Dart
Confirm with . or Enter, or press ? or * to list all spells.
Aiming: Magic Dart
Press: ? - help, Shift-Dir - straight line, f/p - worker ant
Aim: a worker ant The magic dart hits the worker ant.
The worker ant is lightly wounded.
The worker ant waves its antennae.
The worker ant bites you.
* * * LOW HITPOINT WARNING * * *
Casting: Magic Dart
Confirm with . or Enter, or press ? or * to list all spells.
Aiming: Magic Dart
Press: ? - help, Shift-Dir - straight line, f/p - worker ant
Aim: a worker ant (lightly wounded)
The magic dart hits the worker ant.
The worker ant is lightly wounded.
The worker ant bites you.
You die...
Your body crumbles into a pile of gold.

### ######### ...
#.......# ..
#.#####.#
#####.####.#####.#
..$...a@......##.#
......####.##.##.#
..... #.##.##.#
#... #.......# ..#
####.#### . #.#
#####.#####
#.........#
#.###.###.#


You could see a worker ant.

Vanquished Creatures
  5 adders (D:2)
  An adder skeleton (D:4)
  4 dart slugs
  A leopard gecko (D:2)
  An orc (D:3)
  A ball python (D:2)
  3 giant cockroaches
  5 goblins
  8 hobgoblins
  6 jackals
  A quokka (D:2)
  6 bats
  3 frilled lizards
  5 kobolds
  7 rats
57 creatures vanquished.

Notes
Turn   | Place    | Note
-------+----------+-------------------------------------------
     0 | D:1      | inc the Octopode Conjurer began the quest for the Orb.
     0 | D:1      | Reached XP level 1. HP: 11/11 MP: 3/3
   336 | D:1      | Reached XP level 2. HP: 10/17 MP: 0/5
   712 | D:1      | Learned a level 2 spell: Searing Ray
   893 | D:1      | Reached XP level 3. HP: 21/21 MP: 2/7
  1210 | D:2      | Found an opulent altar of Gozag.
  1221 | D:2      | Became a worshipper of Gozag Ym Sagoz the Greedy
  1698 | D:2      | Reached XP level 4. HP: 27/27 MP: 4/9
  2102 | D:3      | Found a faded altar of an unknown god.
  2409 | D:3      | Found a sacrificial altar of Ru.
  2548 | D:3      | Found a bloodstained altar of Trog.
  2858 | D:4      | Reached XP level 5. HP: 17/31 MP: 1/11
  3187 | D:4      | Slain by a worker ant

Skill      XL: |  1  2  3  4 |
---------------+-------------+-----
Spellcasting   | 3 4 |  4.6
Dodging        | |  2.0
Stealth        | |  2.6
Conjurations   | |  4.0

Action                   |  1- 3 |  4- 6 || total
-------------------------+-------+-------++-------
Melee: Unarmed           |     5 |       ||     5
       Dagger            |    18 |    12 ||    30
       Constrict         |     7 |     2 ||     9
       Tentacles         |     5 |     1 ||     6
 Cast: Magic Dart        |    45 |    65 ||   110
  Use: Scroll            |       |     3 ||     3
 Stab: Sleeping          |     5 |       ||     5
  Eat: Chunk             |     2 |       ||     2
       Ration            |       |     3 ||     3
Armor: Skin              |     3 |     1 ||     4
Dodge: Dodged            |    15 |    13 ||    28
